 Dungeon Crawl Stone Soup version 0.28-a0-1339-ga5422284a4 (webtiles) character file.

Game seed: 14235164369769217029

0 Goblin1989 the Sneak (level 1, 0/18 HPs)
             Began as a Demonspawn Delver on Dec 28, 2021.
             Slain by a phantom (4 damage)
             ... on level 4 of the Dungeon.
             The game lasted 00:01:13 (113 turns).

Goblin1989 the Sneak (Demonspawn Delver)             Turns: 113, Time: 00:01:14

Health: 0/18       AC:  3    Str: 12    XL:     1   Next: 0%
Magic:  1/1        EV: 11    Int: 11    God:
Gold:   15         SH:  0    Dex: 14    Spells: 0/0 levels left

rFire   . . .      SeeInvis .   a - +0 short sword
rCold   . . .      Faith    .   (no shield)
rNeg    . . .      Spirit   .   b - +0 leather armour
rPois   .          Reflect  .   (no helmet)
rElec   .          Harm     .   (no cloak)
rCorr   .          Rampage  .   (no gloves)
Will    .....                   (no boots)
Stlth   ++........              (no amulet)
HPRegen 0.06/turn               (no ring)
MPRegen 0.07/turn               (no ring)

@: no status effects
A: no striking features
a: no special abilities


You were on level 4 of the Dungeon.
You visited 1 branch of the dungeon, and saw 2 of its levels.

You collected 15 gold pieces.

Inventory:

Hand Weapons
 a - a +0 short sword (weapon)
Armour
 b - a +0 leather armour (worn)
Wands
 g - a wand of digging (3) {@v3}
Scrolls
 c - a scroll of fog
 d - a scroll of magic mapping
 e - a scroll of fear
 h - a scroll of identify {unknown}
Potions
 f - a potion of haste {@q3,}


   Skills:
 - Level 3.0 Fighting
 + Level 1.7 Short Blades
 - Level 1.7 Dodging
 + Level 4.5 Stealth


You couldn't memorise any spells.
You didn't know any spells.
Your spell library was empty.

Dungeon Overview and Level Annotations

Branches:
Dungeon (5/15)
 Temple: D:4-7

Altars:

Annotations:
D:5 Dowan, Duvessa


Message History

You become Dissolution!
Welcome, Goblin1989 the Demonspawn Delver.
Will you be the one to retrieve the fabulous Orb of Zot from the depths?
Press ? for a list of commands and other information.
Found 15 gold pieces.
Found a stone staircase leading down.
Found a stone staircase leading down.
You now have 15 gold pieces.
Found a lumpy yellow potion.
A phantom comes into view.
Found a stone staircase leading up.
Dowan, Brother of Duvessa comes into view.
He is wielding a +5 dagger of protection.
Duvessa, Sister of Dowan comes into view.
She is wielding a +0 short sword and wearing a +0 leather armour of poison resistance.
You can't see any enemies this would affect, really read the scroll of fear? [Y]es or [N]o only, please.
You can't see any enemies this would affect, really read the scroll of fear?
Okay, then.
The phantom barely misses you.
The phantom hits you but does no damage.
There is a stone staircase leading up here.
Unknown command.
Unknown command.
Unknown command.
The phantom hits you!
You climb upwards.
You hear the sound of rushing water.
There is an entrance to a sewer on this level.
Hurry and find it before the portal rusts away!
Found a scroll labelled POSSOL SYLEJO and a lumpy yellow potion.
There is a stone staircase leading down here.
You take 8 damage, and have 10/18 hp.
MASSIVE DAMAGE!!
You see here a scroll labelled POSSOL SYLEJO.
Found a scroll labelled POSSOL SYLEJO.
The phantom misses you.
Okay, then.
You see here a scroll labelled POSSOL SYLEJO.
h - a scroll labelled POSSOL SYLEJO The phantom hits you.
* * * LOW HITPOINT WARNING * * *
You take 5 damage, and have 7/18 hp.
MASSIVE DAMAGE!!
A hobgoblin comes into view.
Found 7 gold pieces and a wand of digging (5).
The hobgoblin shouts!
The hobgoblin barely misses you. The hobgoblin hits you.
* * * LOW HITPOINT WARNING * * *
You see here 7 gold pieces.
You take 3 damage, and have 4/18 hp.
You hit the hobgoblin.
You kill the hobgoblin!
The phantom hits you.
You die...

█.█ █.█... █..█
█.█.██ █... █.█.██
█.█. █.....
██...███
████████.██
......█ █.....██.█
█.█..████.█ █.██.█
█.†.......█ █.██.█
█/@W.████.███.██.█
████.█ █........█
█.█ █.████████ ..█
█.█ ███ █.█ ...
... █... █..


You could see a phantom.

Vanquished Creatures
  A hobgoblin (D:4)
1 creature vanquished.

Notes
Turn   | Place    | Note
-------+----------+-------------------------------------------
     0 | D:5      | Goblin1989 the Demonspawn Delver began the quest for the
                  | Orb.
     0 | D:5      | Reached XP level 1. HP: 18/18 MP: 1/1
    14 | D:5      | Noticed a phantom
    38 | D:5      | Noticed Dowan
    47 | D:5      | Noticed Duvessa
   113 | D:4      | Slain by a phantom

Illustrated notes

Levels and vault maps discovered:
D:4:      cheibrodos_old_hovel, layout_loops_cross,
          mainiacjoe_overflow_chevrons, portal_sewer_entry_a
D:5:      layout_layer_cave, minmay_holes, uniq_duvessa, uniq_menkaure,
          uniq_eustachio

Action                   || total
-------------------------++-------
Melee: Short sword       ||     1
Armor: Leather armour    ||     1
Dodge: Dodged            ||     3

Table legend: (Time is in decaauts)
 A = Elapsed time spent in this place.
 B = Non-inter-level travel time spent in this place.
 C = Inter-level travel time spent in this place.
 D = Time resting spent in this place.
 E = Time spent auto-exploring this place.
 F = Levels seen in this place.
 G = Mean time per level.
                   A        B        C        D        E       F      G
               +--------+--------+--------+--------+--------+-----+--------+
         Total |    112 |    112 |      0 |      0 |      0 |   2 |   56.0 |
       Dungeon |    112 |    112 |      0 |      0 |      0 |   2 |   56.0 |
               +--------+--------+--------+--------+--------+-----+--------+

Top non-repeatable levels by time:
     D:5: 80 daAuts
     D:4: 32 daAuts
